 Dungeon Crawl Stone Soup version 0.28-a0-1518-gbe868bca14 (webtiles) character file.

Game seed: 15273134281428102217

37016 blank1 the Protected (level 13, -43/125 HPs)
             Began as a Minotaur Fighter on Jan 17, 2022.
             Was the Champion of Okawaru.
             Annihilated by a minotaur (56 damage)
             ... in a Gauntlet.
             The game lasted 00:31:03 (15307 turns).

blank1 the Protected (Minotaur Fighter)            Turns: 15307, Time: 00:31:04

Health: -43/125    AC: 23    Str: 23    XL:     13   Next: 56%
Magic:  21/25      EV: 12    Int:  5    God:    Okawaru [******]
Gold:   483        SH:  5    Dex: 13    Spells: 12/12 levels left

rFire   . . .      SeeInvis .   t - +2 demon whip
rCold   . . .      Faith    .   c - +0 buckler
rNeg    + . .      Spirit   .   J - +3 chain mail {rPois}
rPois   +          Reflect  .   n - +1 hat
rElec   .          Harm     .   s - +0 cloak
rCorr   .          Rampage  .   z - +1 pair of gloves
Will    .....      NoTele   +   r - +0 pair of boots
Stlth   ..........              C - amulet of regeneration
HPRegen 1.10/turn               o - ring of magical power
MPRegen 0.19/turn               G - ring of positive energy

@: finesse-ful
A: horns 2, retaliatory headbutt
a: Renounce Religion, Heroism, Finesse, Duel


You were in a Gauntlet.
You worshipped Okawaru.
Okawaru was exalted by your worship.
You visited 3 branches of the dungeon, and saw 14 of its levels.
You also visited: Gauntlet and Volcano.

You collected 933 gold pieces.
You spent 450 gold pieces at shops.

Inventory:

Hand Weapons
 t - a +2 demon whip (weapon)
 E - a +2 demon blade of flaming
Missiles
 j - 5 javelins (quivered)
Armour
 c - a +0 buckler (worn)
 n - a +1 hat (worn)
 r - a +0 pair of boots (worn)
 s - a +0 cloak (worn)
 z - a +1 pair of gloves (worn)
 D - a +0 plate armour
 I - +1 ice dragon scales
 J - a +3 chain mail of poison resistance (worn)
 K - the +0 pair of boots of Circular Logic {rC- rCorr Int+4 Stlth+}
   (You found it in a Gauntlet)

   Int:       It affects your intelligence (+4).
   rC:        It makes you vulnerable to cold.
   rCorr:     It protects you from acid and corrosion.
   Stlth:     It makes you more stealthy.
Jewellery
 o - a ring of magical power (left hand)
 w - a ring of ice
 C - an amulet of regeneration (around neck)
 G - a ring of positive energy (right hand)
Wands
 g - a wand of flame (25)
 u - a wand of digging (3)
Scrolls
 a - 4 scrolls of amnesia
 b - 4 scrolls of enchant armour
 l - a scroll of blinking {unknown}
 q - 3 scrolls of teleportation
 y - a scroll of vulnerability
 H - 4 scrolls of identify
Potions
 d - 3 potions of might
 e - 2 potions of resistance
 f - 3 potions of magic
 h - a potion of ambrosia
 i - 3 potions of haste
 k - a potion of flight
 m - a potion of mutation
 p - 3 potions of attraction
 v - 2 potions of brilliance
 x - a potion of lignification
 A - a potion of invisibility
 B - 3 potions of heal wounds
 F - 2 potions of curing


   Skills:
 + Level 14.5 Fighting
 - Level 14.0 Maces & Flails
 + Level 14.5 Armour
 - Level 10.0 Dodging
 - Level 6.0 Shields
 - Level 6.0 Invocations


You had 12 spell levels left.
You didn't know any spells.
Your spell library contained the following spells:

 Spells                   Type           Power      Damage    Failure   Level
 Apportation              Tloc           0%         N/A       97%         1
 Beastly Appendage        Tmut           0%         N/A       97%         1
 Sandblast                Erth           0%         2d4       97%         1
 Ensorcelled Hibernation  Hex/Ice        0%         N/A       99%         2
 Passwall                 Tmut/Erth      0%         N/A       99%         2
 Wereblood                Tmut           0%         N/A       99%         2
 Spider Form              Tmut/Pois      0%         N/A       100%        3
 Stone Arrow              Conj/Erth      0%         3d7       100%        3
 Anguish                  Hex/Necr       0%         N/A       100%        4
 Borgnjor's Vile Clutch   Necr/Erth      0%         N/A       100%        5
 Freezing Cloud           Conj/Ice/Air   0%         6-21      100%        5
 Polar Vortex             Ice            0%         N/A       100%        9
 Animate Skeleton         Necr           Unusable   N/A       N/A         1
 Summon Small Mammal      Summ           Unusable   N/A       N/A         1
 Animate Dead             Necr           Unusable   N/A       N/A         4
 Death Channel            Necr           Unusable   N/A       N/A         6
 Simulacrum               Ice/Necr       Unusable   N/A       N/A         6

Dungeon Overview and Level Annotations

Branches:
Dungeon (9/15)             Temple (1/1) D:6            Lair (4/6) D:9
  Swamp (0/4) Lair:2        Snake (0/4) Lair:4      Volcano (visited)
Gauntlet (1/1)
    Orc: D:9-12

Altars:
Ashenzari
Cheibriados
Dithmenos
Fedhas
Hepliaklqana
Makhleb
Nemelex Xobeh
Okawaru
Ru
Uskayaw
Vehumet
Wu Jian
Xom
Zin
The Shining One

Shops:
D:4 (

Annotations:
D:8 3 runed translucent doors, innerfire433's ghost, novice VSBe Gauntlet 12 transporters, 11 runed translucent doors, exclusion: oklob plant


Innate Abilities, Weirdness & Mutations

You have a pair of horns on your head.
You reflexively headbutt those who attack you in melee.


Message History

You can now deal lightning-fast blows.
No target in view!
The minotaur drinks a potion.
The minotaur goes berserk!
There is an open door here.
You thrash the minotaur!!
The minotaur is lightly wounded.
You barely miss the minotaur.
The minotaur furiously retaliates!
The minotaur headbutts you, but does no damage.
Your headbutt misses the minotaur.
The minotaur is lightly wounded.
You hit the minotaur but do no damage.
The minotaur is lightly wounded.
The minotaur hits you with the +1 great sword of Big Damage {vorpal, rF+ Dex+2}!!
You block the minotaur's attack.
You closely miss the minotaur.
The minotaur is lightly wounded.
You completely miss the minotaur. You headbutt the minotaur.
The minotaur is lightly wounded.
The minotaur hits you with the +1 great sword of Big Damage {vorpal, rF+ Dex+2}!!!
Ouch! That really hurt!
* * * LOW HITPOINT WARNING * * *
x2 The minotaur gores you but does no damage.
You hit the minotaur.
The minotaur is moderately wounded.
You hit the minotaur but do no damage.
The minotaur is moderately wounded.
You hit the minotaur but do no damage.
The minotaur is moderately wounded.
The minotaur closely misses you. You furiously retaliate!
You headbutt the minotaur, but do no damage.
The minotaur gores you but does no damage.
You hit the minotaur.
The minotaur is moderately wounded.
You hit the minotaur.
You headbutt the minotaur, but do no damage.
The minotaur is moderately wounded.
You hit the minotaur but do no damage.
The minotaur is moderately wounded.
The minotaur hits you with the +1 great sword of Big Damage {vorpal, rF+ Dex+2}!!!
You die...

##### ≈≈≈≈≈ ≈∩≈ ...
###.### #...H.#
######@#######
#.............#
#.###.###.###.#
#.###.###.###.#
#.............#
###.###.###.###
#####.###.###.#####
#§§.............§≈# ###
####8§.©.©.©.©.©.©.§8####
###


You could see a minotaur (berserk).

Vanquished Creatures
  Gastronok (D:9)
  Fannar (Lair:1)
  Erica (D:9)
  2 two-headed ogres (D:6)
  A thrashing horror (Gauntlet)
  A soul eater (Gauntlet)
  A fire crab (Volcano)
  A lindwurm (Volcano)
  A will-o-the-wisp (Lair:2)
  15 elephants
  Joseph (D:8)
  2 molten gargoyles (Volcano)
  5 cane toads
  6 komodo dragons
  A troll (D:9)
  3 polar bears
  A wolf spider simulacrum (Gauntlet)
  10 blink frogs
  2 centaur simulacra (Gauntlet)
  A vampire (D:6)
  6 fire bats (Volcano)
  2 wyverns
  6 basilisks
  20 yaks (Lair:3)
  3 small abominations (Gauntlet)
  Eustachio (D:5)
  A steam dragon (Volcano)
  8 water moccasins
  An acid dragon (D:9)
  A hell hound (Volcano)
  6 orc warriors
  2 ice beasts
  3 sky beasts
  5 black bears
  2 centaurs
  An ogre (D:4)
  2 phantoms
  10 wolves
  6 bullfrogs
  2 kobold brigands
  A gnoll sergeant (D:6)
  A cane toad simulacrum (Gauntlet)
  2 scorpions
  11 killer bees
  3 electric eels (D:9)
  A howler monkey (D:7)
  4 lava snakes (Volcano)
  A centaur zombie (D:9)
  A jelly (D:8)
  Crazy Yiuf (D:4)
  2 bullfrog skeletons (D:5)
  2 orc priests
  3 hounds
  2 iguanas
  14 orc wizards
  3 gnolls (D:6)
  6 adders
  4 shadow imps (Gauntlet)
  2 white imps (D:6)
  An ufetubus (D:6)
  2 dart slugs
  26 orcs
  6 endoplasms
  6 giant cockroaches
  3 goblins
  11 hobgoblins
  3 jackals (D:4)
  15 kobolds
  2 quokkas
  9 ball pythons
  3 bats
  2 frilled lizards
  A quokka skeleton (D:4)
  5 rats
304 creatures vanquished.

Vanquished Creatures (others)
  An orc wizard (D:9)
  A bush (D:9)
  A demonic plant (Gauntlet)
  17 fungi
  61 plants
81 creatures vanquished.

Grand Total: 385 creatures vanquished

Notes
Turn   | Place    | Note
-------+----------+-------------------------------------------
     0 | D:1      | blank1 the Minotaur Fighter began the quest for the Orb.
     0 | D:1      | Reached XP level 1. HP: 19/19 MP: 0/0
   426 | D:1      | Reached XP level 2. HP: 23/27 MP: 1/1
   608 | D:1      | Reached skill level 1 in Dodging
   895 | D:2      | Reached XP level 3. HP: 20/33 MP: 2/2
  1458 | D:2      | Found a faded altar of an unknown god.
  2096 | D:3      | Reached XP level 4. HP: 41/41 MP: 3/3
  2407 | D:3      | Noticed an ice beast
  2417 | D:3      | Killed an ice beast
  2418 | D:3      | Reached skill level 5 in Fighting
  2418 | D:3      | Reached XP level 5. HP: 48/48 MP: 4/4
  2936 | D:4      | Noticed a phantom
  2947 | D:4      | Killed a phantom
  3047 | D:4      | Found Gygaros's Antique Weapon Shoppe.
  3074 | D:4      | Reached skill level 5 in Maces & Flails
  3087 | D:4      | Reached XP level 6. HP: 30/57 MP: 5/5
  3783 | D:4      | Found a runed translucent door.
  3784 | D:4      | Noticed Crazy Yiuf
  4414 | D:4      | Killed Crazy Yiuf
  4497 | D:5      | Entered Level 5 of the Dungeon
  4556 | D:5      | Noticed Eustachio
  4589 | D:5      | Killed Eustachio
  4590 | D:5      | Reached XP level 7. HP: 40/64 MP: 6/6
  4920 | D:5      | Found a hazy altar of Hepliaklqana.
  5474 | D:6      | Found a sparkling altar of Nemelex Xobeh.
  5504 | D:6      | Noticed a wyvern
  5627 | D:6      | Killed a wyvern
  5628 | D:6      | Reached XP level 8. HP: 38/74 MP: 7/7
  5844 | D:6      | Found a snail-covered altar of Cheibriados.
  5858 | D:6      | Noticed a two-headed ogre
  5871 | D:6      | Killed a two-headed ogre
  6232 | D:6      | Reached XP level 9. HP: 42/83 MP: 8/8
  6729 | D:6      | Found a staircase to the Ecumenical Temple.
  6736 | Temple   | Entered the Ecumenical Temple
  6818 | Temple   | Became a worshipper of Warmaster Okawaru
  6950 | D:6      | Noticed a two-headed ogre
  6959 | D:6      | Killed a two-headed ogre
  6960 | D:6      | Reached skill level 10 in Fighting
  6960 | D:6      | Reached skill level 10 in Maces & Flails
  6960 | D:6      | Reached skill level 5 in Dodging
  7612 | D:7      | Reached skill level 1 in Invocations
  7654 | D:7      | Reached * piety under Okawaru
  8857 | D:8      | Found a glowing golden altar of the Shining One.
  8879 | D:8      | Found a runed translucent gate.
  8879 | D:8      | Found a runed translucent gate.
  8879 | D:8      | Found a runed translucent gate.
  8884 | D:8      | Noticed innerfire433's ghost (novice VSBe)
  8897 | D:8      | Found an ornate altar of the Wu Jian Council.
  8897 | D:8      | Noticed Joseph
  8906 | D:8      | Killed Joseph
  8907 | D:8      | Reached XP level 10. HP: 75/94 MP: 11/11
  9103 | D:8      | Reached ** piety under Okawaru
 10055 | D:4      | Bought a demon whip for 450 gold pieces
 10333 | D:9      | Found a staircase to the Lair.
 10386 | D:9      | Reached *** piety under Okawaru
 10396 | D:9      | Identified the +0 leather armour of Privacy {rN+}
 10535 | D:9      | Noticed Erica
 10563 | D:9      | Killed Erica
 10723 | D:9      | Reached skill level 10 in Armour
 10954 | D:9      | Reached XP level 11. HP: 108/108 MP: 12/12
 10969 | D:9      | Reached **** piety under Okawaru
 11249 | D:9      | Noticed Gastronok
 11263 | D:9      | Killed Gastronok
 11264 | D:9      | Reached XP level 12. HP: 75/117 MP: 13/13
 11485 | Lair:1   | Entered Level 1 of the Lair of Beasts
 12104 | Lair:1   | Reached ***** piety under Okawaru
 12235 | Lair:2   | Noticed Fannar
 12332 | Lair:1   | Killed Fannar
 12347 | Lair:1   | Received a gift from Okawaru
 12370 | Lair:2   | Found a dark tunnel.
 12379 | Volcano  | Entered a volcano
 12714 | Volcano  | Found a bloodstained altar of Trog.
 12742 | Volcano  | Reached skill level 5 in Shields
 13070 | Lair:2   | Reached XP level 13. HP: 70/124 MP: 14/14
 13368 | Lair:2   | Reached skill level 10 in Dodging
 13417 | Lair:2   | Found a staircase to the Swamp.
 13745 | Lair:3   | Reached ****** piety under Okawaru
 13833 | Lair:3   | Reached skill level 5 in Invocations
 13918 | Lair:3   | Received a gift from Okawaru
 14743 | Lair:4   | Found a gate leading to a gauntlet.
 14752 | Gauntlet | Entered a Gauntlet
 14752 | Gauntlet | Found a transporter.
 14765 | Gauntlet | Found a transporter.
 14776 | Gauntlet | Found a transporter.
 14781 | Gauntlet | Found a transporter.
 14800 | Gauntlet | Found a transporter.
 14815 | Gauntlet | Found a transporter.
 14827 | Gauntlet | Found a transporter.
 14833 | Gauntlet | Found a transporter.
 14844 | Gauntlet | Found a large runed translucent door.
 14845 | Gauntlet | Found a large runed translucent door.
 14846 | Gauntlet | Found a large runed translucent door.
 14846 | Gauntlet | Found a large runed translucent door.
 14847 | Gauntlet | Found a runed translucent gate.
 14848 | Gauntlet | Found a transporter.
 14848 | Gauntlet | Found a runed translucent gate.
 14849 | Gauntlet | Found a runed translucent gate.
 14850 | Gauntlet | Found a large runed translucent door.
 14850 | Gauntlet | Found a large runed translucent door.
 14850 | Gauntlet | Found a runed translucent door.
 14850 | Gauntlet | Found a runed translucent door.
 14851 | Gauntlet | Found a large runed translucent door.
 14852 | Gauntlet | Found a large runed translucent door.
 14854 | Gauntlet | Found a transporter.
 14859 | Gauntlet | Found a large runed translucent door.
 14859 | Gauntlet | Found a large runed translucent door.
 14860 | Gauntlet | Found a large runed translucent door.
 14861 | Gauntlet | Found a large runed translucent door.
 14869 | Gauntlet | Found a transporter.
 14871 | Gauntlet | Found a large runed translucent door.
 14871 | Gauntlet | Found a large runed translucent door.
 14872 | Gauntlet | Found a large runed translucent door.
 14873 | Gauntlet | Found a large runed translucent door.
 14875 | Gauntlet | Found a transporter.
 14890 | Gauntlet | Found a transporter.
 14896 | Gauntlet | Found a transporter.
 14935 | Gauntlet | Found a transporter.
 14961 | Gauntlet | Found a transporter.
 14963 | Gauntlet | Found a transporter.
 14983 | Gauntlet | Found a transporter.
 15279 | Gauntlet | Identified the +0 pair of boots of Circular Logic {rC-
                  | rCorr Int+4 Stlth+}
 15294 | Gauntlet | Identified the +1 great sword of Big Damage {vorpal, rF+
                  | Dex+2}
 15294 | Gauntlet | Identified the +5 hand crossbow "Micekh" {elec, rPois
                  | rCorr}
 15294 | Gauntlet | Noticed a minotaur
 15307 | Gauntlet | Annihilated by a minotaur

Illustrated notes

Levels and vault maps discovered:
D:1:      dpeg_arrival_tiny_g, layout_rooms
D:2:      layout_loops_ring, shapermc_ecumenical_altar_pompeii
D:3:      layout_rooms, serial_co_window_serial, co_window_corner_a,
          co_window_corner_a, co_window_paths_a, co_window_corner_a,
          co_window_paths_b, co_window_paths_c, co_window_corner_cb,
          co_window_unsneaky_path_a, co_window_corner_ca, co_window_broadway_a,
          co_window_sun, co_window_4corner_b, glass_columns_b, glass_columns_c,
          glass_columns_a, glass_columns_c, grunt_ministairs_2
D:4:      layout_loops_corners, serial_shops, nicolae_shop_advertising_works
          [nicolae_subvault_shop_adworks], nrook_mini_vaults,
          grunt_ministairs_9, solitary_fountain, uniq_crazy_yiuf_cottage
D:5:      layout_loops_corners, mainiacjoe_overflow_surrounded_room,
          uniq_eustachio
D:6:      layout_rooms, mainiacjoe_overflow_catwalk_spiral,
          minmay_temple_entry_nine_rooms
D:7:      layout_loops_corners
D:8:      layout_basic, nicolae_overflow_crystal_walls,
          nicolae_wu_jian_wuxing_cycle, gammafunk_ghost_spectres, uniq_joseph
D:9:      layout_gridville, minmay_lair_entry_grove, serial_bayou_lagoon_b,
          uniq_gastronok, uniq_erica
Temple:   eino_temple_rhombus
Lair:1:   layout_small_grid, minivault_19, chequers_serial_rivers_small_a,
          lemuel_fruit_tree, grunt_megastairs_5
Lair:2:   layout_hall_layers, minmay_swamp_entry_wisps, enter_volcano_2,
          grunt_megastairs_4, serial_bayou_shore_b, uniq_fannar
Lair:3:   layout_regular_city
Lair:4:   layout_regular_city, minmay_snake_entry_guardpost_medium,
          gauntlet_entry_generic
Gauntlet: gammafunk_gauntlet_one_two_three
          [gammafunk_gauntlet_arena_split_diamond,
          nicolae_gauntlet_arena_blocks, gammafunk_gauntlet_arena_chambers,
          nicolae_gauntlet_swirl, gammafunk_gauntlet_arena_mazey,
          minmay_gauntlet_arena_make_your_own_arena, nicolae_gauntlet_arena_x,
          gammafunk_gauntlet_arena_split_x,
          gammafunk_gauntlet_arena_arrow_garden, gauntlet_exit_watery]

Skill      XL: |  1  2  3  4  5  6  7  8  9 10 11 12 13 |
---------------+----------------------------------------+-----
Dodging        | 1 2 4 5 9 10 | 10.0
Fighting       | 4 5 6 8 9 10 13 14 | 14.5
Shields        | 4 5 6 |  6.0
Armour         | 4 6 8 10 13 14 | 14.5
Maces & Flails | 3 4 5 6 8 9 10 13 14 | 14.0
Invocations    | 3 6 |  6.0

Action                   |  1- 3 |  4- 6 |  7- 9 | 10-12 | 13-15 || total
-------------------------+-------+-------+-------+-------+-------++-------
Melee: Flail             |   128 |   105 |   182 |       |       ||   415
       Headbutt          |    12 |    20 |    38 |   124 |    75 ||   269
       Morningstar       |       |       |    51 |    55 |       ||   106
       Demon whip        |       |       |       |   474 |   333 ||   807
Invok: Heroism           |       |       |     1 |       |       ||     1
       Finesse           |       |       |       |       |     1 ||     1
  Use: Scroll            |       |       |    10 |    15 |     2 ||    27
       Potion            |       |       |       |     1 |       ||     1
Armor: Scale mail        |    70 |    41 |       |       |       ||   111
       Chain mail        |       |    16 |   105 |    26 |     3 ||   150
       Plate armour      |       |       |       |   221 |   114 ||   335
Dodge: Dodged            |    52 |    43 |    76 |   136 |   101 ||   408
Block: Buckler           |    30 |    24 |    43 |    63 |    47 ||   207

Table legend: (Time is in decaauts)
 A = Elapsed time spent in this place.
 B = Non-inter-level travel time spent in this place.
 C = Inter-level travel time spent in this place.
 D = Time resting spent in this place.
 E = Time spent auto-exploring this place.
 F = Levels seen in this place.
 G = Mean time per level.
                   A        B        C        D        E       F      G
               +--------+--------+--------+--------+--------+-----+--------+
         Total |  15023 |  14267 |    756 |   1962 |   9425 |  16 |  938.9 |
       Dungeon |  11385 |  10784 |    601 |   1770 |   7264 |   9 | 1265.0 |
        Temple |     98 |     83 |     15 |      0 |     67 |   1 |   98.0 |
          Lair |   2512 |   2372 |    140 |     93 |   1626 |   4 |  628.0 |
       Volcano |    506 |    506 |      0 |     53 |    215 |   1 |  506.0 |
      Gauntlet |    519 |    519 |      0 |     46 |    253 |   1 |  519.0 |
               +--------+--------+--------+--------+--------+-----+--------+

Top non-repeatable levels by time:
     D:6: 1703 daAuts
     D:4: 1675 daAuts
     D:7: 1484 daAuts
     D:8: 1263 daAuts
     D:3: 1252 daAuts
     D:9: 1200 daAuts
     D:5: 1104 daAuts
  Lair:3: 983 daAuts
     D:1: 887 daAuts
     D:2: 816 daAuts
  Lair:1: 794 daAuts
  Lair:2: 707 daAuts
Gauntlet: 519 daAuts
 Volcano: 506 daAuts
  Temple: 98 daAuts
